Unix NetHack Version 3.7.0-59 Work-in-progress - last build May 22 2022 07:16:55 (d83f55cc88dfe54b56df59a0ae15379164b6fae3,branch:master). Game began 2022-05-22 19:24:12, ended 2022-05-22 19:54:22. ang3l, lawful female dwarven Valkyrie #############n ------------ -------- #-.-.-. 0########-........@.| h |....>..######......0 |..........| |......| ####......# |..........| |.......### ##......# |..........| |......| #-.....# #-..........| :e G -----.-- #0### ## h #|.........p| : d *##0#### #-|---------- ndde #*#*#*##0* h # ### ##### # ## ####%*# ## ##### *### # # # k ## ### # # p # e ##** # ----|-- #.--...-.--------# |.....| **#...............|# |...<.| ##...............|# |.....| *................# ------- --.-..---------- Ang3l the Fighter St:18 Dx:11 Co:17 In:7 Wi:12 Ch:10 Lawful S:3221 Dlvl:7 $:553 HP:0(70) Pw:6(6) AC:3 Xp:6/592 T:4391 Blind Latest messages: You miss the iron piercer. You miss the iron piercer. You miss the iron piercer. You hit the iron piercer. You hit the iron piercer. You hit the iron piercer. The iron piercer bites! You miss the iron piercer. The iron piercer bites! You miss the iron piercer. You miss the iron piercer. You miss the iron piercer. You miss the iron piercer. You miss the iron piercer. You feel more confident in your weapon skills. You hit the iron piercer. You miss the iron piercer. You miss the iron piercer. The iron piercer bites! You miss the iron piercer. You miss the iron piercer. You miss the iron piercer. The iron piercer bites! You miss the iron piercer. You miss the iron piercer. You miss the iron piercer. You miss the iron piercer. You miss the iron piercer. You miss the iron piercer. You miss the iron piercer. You miss the iron piercer. A bugbear suddenly appears! A floating eye suddenly appears! You feel an unseen monster! It hits! You stop searching. It hits! You miss it. It hits! It hits! You hit it. It hits! It hits! You miss it. It misses! It hits! You hit it. It hits! It hits! You die... Major events: Turn 1: ang3l the lawful dwarven Valkyrie entered the dungeon 912: attained the rank of Skirmisher (level 3) 3344: attained the rank of Fighter (level 6) 4391: killed by a gold golem Inventory: Coins ('$') $ - 553 gold pieces Weapons (')') b - an uncursed +0 dagger (alternate weapon; not wielded) G - 5 uncursed +0 daggers K - 2 uncursed +0 orcish daggers U - a blessed +1 scimitar (weapon in hand) Armor ('[') W - a cursed +0 orcish helm (being worn) Y - an uncursed +0 pair of iron shoes (being worn) D - a cursed -1 pair of levitation boots c - a blessed +3 small shield (being worn) Comestibles ('%') V - an uncursed cram ration B - 2 uncursed cream pies d - an uncursed food ration g - 2 uncursed food rations F - 2 uncursed fortune cookies p - 5 uncursed tripe rations k - a cursed tripe ration j - 2 uncursed lichen corpses Scrolls ('?') x - a blessed scroll of enchant armor q - a cursed scroll of fire y - an uncursed scroll of identify r - a blessed scroll of magic mapping z - an uncursed scroll of magic mapping Q - an uncursed scroll of remove curse e - an uncursed scroll of teleportation Potions ('!') A - an uncursed potion of confusion o - an uncursed potion of enlightenment i - a blessed potion of fruit juice f - an uncursed potion of gain level h - a blessed potion of healing P - an uncursed potion of healing T - a cursed potion of healing J - a cursed potion of levitation u - 2 uncursed potions of see invisible I - an uncursed potion of sickness R - an uncursed potion of sleeping s - a potion of holy water Rings ('=') m - a cursed ring of aggravate monster Wands ('/') S - an uncursed wand of make invisible named !ms (0:3) H - an uncursed wand of polymorph (0:6) C - an uncursed wand of sleep named sleep/death (0:5) Tools ('(') X - an uncursed oil lamp l - a cursed oil lamp E - an uncursed tin whistle v - an uncursed tinning kit (0:55) Ang3l the Valkyrie's attributes: Background: You were a Fighter, a level 6 dwarven Valkyrie. You were lawful, on a mission for Tyr who was opposed by Odin (neutral) and Loki (chaotic). You were in the Dungeons of Doom, on level 7. You entered the dungeon 4391 turns ago. You had 592 experience points, 48 more were needed to attain level 7. Your score was 3221 before end-of-game adjustments. Basics: You had 0 out of 70 hit points. You had all 6 energy points (spell power). Your armor class was 3. Your wallet contained 553 zorkmids. Autopickup was on for '$?!/="' plus thrown, with exceptions. Final Characteristics: Your strength was 18 (peak:18/01, limit:18/100). Your dexterity was 11 (limit:20). Your constitution was 17 (limit:20). Your intelligence was 7 (limit:16). Your wisdom was 12 (limit:16). Your charisma was 10 (limit:16). Final Status: You were temporarily blind. You were not hungry. You were unencumbered. You were wielding a scimitar. You were unskilled in scimitar and could have enhanced that. Final Attributes: You were piously aligned. You were cold resistant. You were telepathic. You had infravision. You were stealthy. You are dead. Miscellaneous: You never encountered a bones level. Total elapsed playing time was 30 minutes and 9 seconds. Vanquished creatures: a gnome ruler a human zombie 9 bugbears an imp a rock piercer a pony a yellow light 3 gnome leaders a gray ooze a giant ant a floating eye 2 kittens a dwarf 3 kobold leaders a kobold shaman a hill orc 5 rothes 3 dwarf zombies an iguana 2 hobbits 13 manes 2 large kobolds 10 hobgoblins 4 giant rats a brown mold a green mold 9 gnomes a gnome zombie 2 geckos 4 jackals a fox 4 goblins 2 sewer rats 5 grid bugs 4 lichens a kobold zombie 6 newts 110 creatures vanquished. No species were genocided or became extinct. Voluntary challenges: You read items or engraved 4 times. You engraved Elbereth 1 time. You never genocided any monsters. You never polymorphed an object. You never changed form. You used no wishes. Achievements: You attained the rank of Skirmisher. You attained the rank of Fighter. The Dungeons of Doom: levels 1 to 7 Level 1: A fountain, a sink. Level 2: Level 3: Some fountains. Level 4: Level 5: A fountain. Level 6: A throne, some fountains. Level 7: <- You were here. Final resting place for you, killed by a gold golem. Game over: ---------- / \ / REST \ / IN \ / PEACE \ / \ | ang3l | | 553 Au | | killed by a gold | | golem | | | | | | 2022 | *| * * * | * _________)/\\_//(\/(/\)/\//\/|_)_______ Farvel ang3l the Valkyrie... You died in The Dungeons of Doom on dungeon level 7 with 3166 points, and 553 pieces of gold, after 4391 moves. You were level 6 with a maximum of 70 hit points when you died.